 Dungeon Crawl Stone Soup version 0.30.1-11-g7821555f0a (console) character file.

Game seed: 12845164025882556124

81 JoeltCo the Trooper (level 4, -3/41 HPs)
             Began as a Hill Orc Fighter on Jan 10, 2024.
             Slain by a gnoll
             ... wielding a +2 halberd of distortion
              (8 damage)
             ... on level 3 of the Dungeon.
             The game lasted 00:02:05 (1412 turns).

JoeltCo the Trooper (Hill Orc Fighter)              Turns: 1412, Time: 00:02:05

Health: -3/41      AC:  9    Str: 20    XL:     4   Next: 42%
Magic:  4/4        EV:  9    Int:  8    God:
Gold:   162        SH:  4    Dex: 10    Spells: 3/3 levels left

rFire   . . .        a - +0 war axe
rCold   . . .        c - +0 buckler
rNeg    . . .        b - +0 scale mail
rPois   .            (no helmet)
rElec   .            j - +0 cloak
rCorr   .            i - +0 pair of gloves
SInv    .            (no boots)
Will    .....        l - amulet of regeneration Stlth
                     (no ring)
HPRegen 1.06/turn    (no ring)
MPRegen 0.09/turn

%: no passive effects
@: no status effects
A: no striking features
a: no special abilities


You were on level 3 of the Dungeon.
You visited 1 branch of the dungeon, and saw 3 of its levels.

You collected 162 gold pieces.

Inventory:

Hand Weapons
 a - a +0 war axe (weapon)
Armour
 b - a +0 scale mail (worn)
 c - a +0 buckler (worn)
 i - a +0 pair of gloves (worn)
 j - a +0 cloak (worn)
Jewellery
 l - an amulet of regeneration (around neck)
Potions
 d - a potion of might
 e - a potion of lignification
 f - a potion of curing
 g - a potion of mutation
 h - a potion of flight


   Skills:
 + Level 4.3 Fighting
 + Level 3.7 Axes
 + Level 3.9 Armour
 + Level 4.0 Shields


You had 3 spell levels left.
You didn't know any spells.
Your spell library was empty.

Dungeon Overview and Level Annotations

Branches:
Dungeon (3/15)

Altars:


Message History

You kill the kobold!
No target in view!
Found a short sword.
You see here an adder corpse.
You see here a +0 short sword.
A bat comes into view.
A bat is nearby!
The bat hits you but does no damage.
A sourceless malevolence fills the Dungeon... and a teleportation trap spontaneously manifests!
You are yanked towards some nearby monsters!
Your surroundings suddenly seem different. 2 gnolls come into view.
A gnoll is wielding a +2 halberd of distortion.
The gnoll shouts!
You hear a shout!
The gnoll hits you from afar with a +2 halberd of distortion!
Space warps around you. The gnoll hits you but does no damage.
The gnoll hits you but does no damage. The gnoll barely misses you.
The gnoll hits you but does no damage.
You blink.
The gnoll hits you but does no damage.
The gnoll hits you from afar with a +2 halberd of distortion!
The gnoll hits you but does no damage.
You slash the gnoll!
You kill the gnoll!
The gnoll hits you from afar with a +2 halberd of distortion.
Space warps horribly around you!!
* * * LOW HITPOINT WARNING * * *
You are too injured to fight recklessly!
You are too injured to fight recklessly!
You are too injured to fight recklessly!
Unknown command.
The gnoll hits you but does no damage. Space warps around you.
* * * LOW HITPOINT WARNING * * *
You see here a +0 spear.
You slash the gnoll!
The gnoll is severely wounded.
The gnoll barely misses you. x2
You closely miss the gnoll.
The gnoll is severely wounded.
The gnoll hits you with a +2 halberd of distortion!
You die...

## .. .## .# ...
.# . .. .#
~⌠~.#.#### .#
~~.......######.##
#.
....####....@g...#
..## #
#########...#
#..## ..#.# ..#.##
#.... #....
#.##..#.##. ..
##.#..##. ..##
..##..). ##..##
#..##.#
..).#.##..#.## ##
#...)##....
...#.##..#.##.


You could see a gnoll.

Vanquished Creatures
  A gnoll (D:3)
  2 adders
  6 ball pythons
  8 endoplasms
  3 giant cockroaches
  10 goblins
  5 hobgoblins
  A quokka (D:1)
  A bat (D:2)
  3 frilled lizards (D:1)
  4 kobolds
  2 rats
46 creatures vanquished.

Notes
Turn   | Place    | Note
-------+----------+-------------------------------------------
     0 | D:1      | JoeltCo the Hill Orc Fighter began the quest for the Orb.
     0 | D:1      | Reached XP level 1. HP: 19/19 MP: 1/1
    79 | D:1      | Reached XP level 2. HP: 26/27 MP: 2/2
   716 | D:2      | Reached XP level 3. HP: 33/33 MP: 3/3
  1343 | D:3      | Reached XP level 4. HP: 40/40 MP: 4/4
  1410 | D:3      | HP: 2/41 [gnoll/+2 halberd of distortion (4)]
  1412 | D:3      | Slain by a gnoll

Illustrated notes

Levels and vault maps discovered:
D:1:      psy_arrival_fountain, layout_basic
D:2:      layout_basic
D:3:      layout_loops_ring, nicolae_overflow_ecumenical_swirl,
          nicolae_eternal_life, corexii_leaking_fountain,
          chequers_serial_rivers_micro_d

Skill      XL: |  1  2  3  4 |
---------------+-------------+-----
Axes           | 3 |  3.7
Fighting       | 4 |  4.3
Shields        | 4 |  4.0
Armour         | |  3.9

Action                     |  1- 3 |  4- 6 || total
---------------------------+-------+-------++-------
  Melee: War axe           |   100 |    23 ||   123
    Use: Scroll            |     8 |       ||     8
 Armour: Scale mail        |    41 |    14 ||    55
  Dodge: Dodged            |    50 |    16 ||    66
  Block: Buckler           |    18 |     4 ||    22
